AoeStats
← MeowMe

Black Forest

507459130Analyzed
3v3 RM · 13d ago on Sep 18, 2026· 24m 6s· 6 players
Game mode
Random Map
Map size
Normal (6 player)
Population
200
Speed
Normal
Resources
Standard
Victory
Conquest
Starting age
Dark Age
Ending age
Imperial Age
RankedLock teamsTeams togetherTeam positionsShared explorationLock speedFull tech treeHidden civsTurbo modeCheats
Victory
Defeat
🇧🇾 Magyars · Belarus
1512
+15
🇷🇺 Ethiopians · Russia
1455
+18
🇬🇪 Slavs · Georgia
1437
+18
🇨🇳 Cumans · China
1514
-18
🇳🇴 Japanese · Norway
1487
-17
🇪🇸 Turks · Spain
1470
-16
OLADUSHEK
0:37 Loom
9:48 Feudal Age
10:18 Double-Bit Axe
16:20 Bloodlines
17:07 Wheelbarrow
21:06 Castle Age
19:09 Gold Mining
19:12 Horse Collar
19:46 Fletching
21:46 Bodkin Arrow
21:53 Husbandry
22:43 Padded Archer Armor
23:42 Thumb Ring
SiraZaika
0:46 Loom
11:49 Feudal Age
12:21 Town Watch
12:24 Double-Bit Axe
21:46 Castle Age
19:57 Horse Collar
21:02 Fletching
22:04 Gold Mining
22:36 Bodkin Arrow
22:48 Padded Archer Armor
23:02 Crossbowman
MeowMe
11:49 Feudal Age
15:30 Castle Age
13:33 Double-Bit Axe
13:51 Horse Collar
15:06 Loom
17:34 Bow Saw
23:49 Wheelbarrow
23:22 Heavy Plow
[VPKT] Semita
0:44 Loom
11:14 Feudal Age
22:21 Wheelbarrow
Sasha The Bunny
0:45 Loom
13:04 Feudal Age
14:24 Wheelbarrow
13:10 Man-at-Arms
14:07 Horse Collar
14:56 Town Watch
15:26 Forging
15:32 Arson
15:48 Fletching
17:03 Padded Archer Armor
20:23 Double-Bit Axe
2067
9:16 Feudal Age
10:05 Double-Bit Axe
10:06 Horse Collar
14:06 Loom
18:22 Wheelbarrow
20:31 Gold Mining
22:58 Castle Age
22:30 Scale Barding Armor
22:35 Forging
24:03 Chain Barding Armor
24:06 Bloodlines
24:30 Hand Cart
Connection lost

Rejoining the realm…

Still unreachable

The connection could not be restored.

Session expired

The server has moved on; the page needs a fresh start.